 Dungeon Crawl Stone Soup version 0.17-a0-1105-gbe8b664 (webtiles) character file.

258309 Fluffy the Executioner (level 19, -4/185 HPs)
             Began as a Hill Orc Fighter on May 21, 2015.
             Was the Champion of Okawaru.
             Slain by a bone dragon (18 damage)
             ... on level 4 of the Abyss.
             The game lasted 02:42:04 (37844 turns).

Fluffy the Executioner (Hill Orc Fighter)          Turns: 37844, Time: 02:42:04

Health: -4/185     AC: 25    Str: 24    XL:     19   Next: 86%
Magic:  28/28      EV: 21    Int:  6    God:    Okawaru [******]
Gold:   2865       SH: 13    Dex: 19    Spells: 0 memorised, 18 levels left

rFire  + . .     SeeInvis .     y - +5 war axe (elec)
rCold  + . .     Clarity  .     I - +4 ring mail of Liberty {rC+ rN+ Regen+ Slay+3}
rNeg   + . .     SustAb   .     P - +0 shield {reflect}
rPois  +         Gourm    .     p - +0 hat of Eceulibe {rCorr Str+3}
rElec  .         Spirit   .     R - +2 cloak {+Inv}
rCorr  +         Warding  .     X - +2 pair of gloves {Dex+3}
rMut   +         Stasis   .     c - +2 pair of boots {Stlth+}
MR     +....                    C - amulet of resist mutation
Stlth  ++........               B - ring of poison resistance
                                U - ring "Tiusehiyx" {+Fly rF+ EV+2}

@: about to teleport, somewhat resistant to hostile enchantments, unstealthy
A: repulsion field 1, molten scales 1, dopey 1
a: Heroism, Finesse, Renounce Religion, Evoke Invisibility, Evoke Flight
}: 2/15 runes: decaying, serpentine


You were on level 4 of the Abyss.
You worshipped Okawaru.
Okawaru was exalted by your worship.
You were near starving.

You visited 7 branches of the dungeon, and saw 35 of its levels.
You visited the Abyss 1 time.
You visited 1 bazaar.
You also visited: Ossuary.

You collected 3747 gold pieces.
You spent 882 gold pieces at shops.

Inventory:

Hand weapons
 b - a +4 war axe of flaming
 y - a +5 war axe of electrocution (weapon)
 F - a +1 executioner's axe of freezing
Armour
 c - a +2 pair of boots of stealth (worn)
 g - a +1 plate armour of fire resistance
 p - the +0 hat of Eceulibe (worn) {rCorr Str+3}
   (Okawaru gifted it to you on level 6 of the Lair of Beasts)

   It affects your strength (+3).
   It protects you from acid and corrosion.
 I - the +4 ring mail of Liberty (worn) {rC+ rN+ Regen+ Slay+3}
   (You found it on level 1 of the Elven Halls)

   It affects your accuracy and damage with ranged weapons and melee attacks
   (+3).
   It protects you from cold.
   It protects you from negative energy.
   It increases your rate of regeneration.
 P - a +0 shield of reflection (worn)
 R - a +2 cloak of invisibility (worn)
 X - a +2 pair of gloves of dexterity (worn)
Jewellery
 n - an uncursed ring of protection from cold
 r - an uncursed ring of protection from magic
 w - an uncursed ring of protection from fire
 x - an uncursed ring of positive energy
 B - a ring of poison resistance (right hand)
 C - an amulet of resist mutation (around neck)
 Q - an uncursed amulet of regeneration
 U - the ring "Tiusehiyx" (left hand) {+Fly rF+ EV+2}
   (You bought it in a shop in a bazaar)

   [ring of evasion]

   It affects your evasion (+2).
   It protects you from fire.
   It lets you fly.
 V - an uncursed ring of see invisible
Magical devices
 a - a wand of teleportation (5)
 t - a wand of disintegration (19)
 v - a wand of digging (8)
 A - a wand of digging (19)
 J - a wand of heal wounds (5)
 K - a wand of teleportation (4)
 N - a wand of digging (13)
 S - a wand of digging (8)
Scrolls
 h - 2 scrolls of summoning
 k - 9 scrolls of magic mapping
 q - 9 scrolls of identify
 s - 4 scrolls of recharging
 u - 4 scrolls of enchant weapon
 E - a scroll of holy word
 G - a scroll of silence
 H - 16 scrolls of remove curse
 M - a scroll of brand weapon
 T - a scroll of blinking
 Y - 3 scrolls of teleportation
 Z - 2 scrolls of enchant armour
Potions
 d - 3 potions of might
 f - 3 potions of cure mutation
 j - 4 potions of flight
 l - 9 potions of curing
 o - 2 potions of agility
 D - 4 potions of haste
 W - a potion of heal wounds
Comestibles
 e - 23 bread rations
 i - 13 royal jellies
 m - 17 meat rations
 z - 12 slices of pizza


   Skills:
 + Level 20.2 Fighting
 + Level 21.7 Axes
 + Level 18.8 Armour
 + Level 9.2 Dodging
 + Level 10.1 Shields
 - Level 13.2 Invocations


You had 18 spell levels left.
You didn't know any spells.

Dungeon Overview and Level Annotations

Branches:
Dungeon (11/15)            Temple (1/1) D:7            Lair (8/8) D:9
  Swamp (4/4) Lair:5        Snake (4/4) Lair:3        Slime (0/6) Lair:6
    Orc (4/4) D:11            Elf (3/3) Orc:3

Altars:
Ashenzari
Cheibriados
Dithmenos
Elyvilon
Fedhas
Gozag
Kikubaaqudgha
Makhleb
Nemelex Xobeh
Okawaru
Qazlal
Ru
Sif Muna
Trog
Vehumet
Xom
Yredelemnul
Zin
The Shining One
Beogh

Shops:
Orc:2 }   Orc:4 :(?=   Elf:3 =**[   Snake:2 [


Innate Abilities, Weirdness & Mutations

You are surrounded by a mild repulsion field (EV +2).
You are partially covered in molten scales (AC +1).
You are dopey. (Int -2)


Message History

The bone dragon is lightly damaged.
The bone dragon bites you but does no damage.
The bone dragon completely misses you.
The bone dragon tramples you but does no damage.
You slash the bone dragon!
The bone dragon is lightly damaged.
You block the bone dragon's attack. x2
The bone dragon tramples you.
* * * LOW HITPOINT WARNING * * *
You hold your ground!
You hit the bone dragon but do no damage.
The bone dragon is lightly damaged.
The bone dragon closely misses you. x2
You block the bone dragon's attack.
You hit the bone dragon but do no damage.
The bone dragon is lightly damaged.
You hit the bone dragon but do no damage.
The bone dragon is lightly damaged.
The bone dragon bites you!!
You die...

#.# . X#.#.#. #. ..#.
#
.#...#...#........#.
#.
.##.#.##....##......#
.#. # ... .#....##..#
. # #. ##.X.##.§..# #
##...# .X....# #
###.#.#.#.#h###
#...## ##D..# #.###
h##@#.## ### h) #####
.h. ... ♣ .


You could see a bone dragon and a raiju.

Vanquished Creatures
  the Lernaean hydra (Swamp:3)
  Vashnia (Snake:2)
  A hellephant (Abyss:4)
  Rupert (Orc:4)
  A lich (Abyss:4)
  Asterion (Snake:1)
  A deep elf blademaster (Elf:2)
  2 tentacled starspawn (Abyss:4)
  2 thorn hunters
  6 greater nagas
  Donald (Orc:4)
  The ghost of HEYYEYAAE the Anointer, a mighty OpFi of Gozag (Swamp:1)
  Aizul (Swamp:3)
  A cacodemon (Abyss:4)
  3 very ugly things
  Azrael (Elf:2)
  A deep elf death mage (Elf:2)
  A fire dragon (Lair:8)
  A rakshasa (Abyss:4)
  16 naga warriors
  A great orb of eyes (Abyss:4)
  19 hydras
  5 anacondas
  12 alligators
  18 dancing weapons (Elf:2)
  12 death yaks
  Urug (D:11)
  11 naga sharpshooters
  4 thrashing horrors (Abyss:4)
  3 hell hogs (Abyss:4)
  8 shock serpents
  Sonja (Orc:4)
  Nergalle (Orc:2)
  3 small abominations
  10 deep elf knights
  A wretched star (Abyss:4)
  A salamander mystic (Snake:3)
  2 spatial maelstroms (Abyss:4)
  11 deep elf summoners
  13 swamp dragons
  6 large abominations
  A death drake (Abyss:4)
  5 spriggan druids
  2 shambling mangroves (Swamp:3)
  7 naga ritualists
  11 mana vipers
  2 wolf spiders (Lair:8)
  4 griffons
  12 deep elf conjurers
  9 orc sorcerers
  2 hornets
  2 oklob plants (Lair:6)
  The ghost of ololoev the Tainter, an experienced FoVM of Dithmenos (D:5)
  An ugly thing (D:11)
  44 black mambas
  7 salamanders
  27 elephants
  21 naga magi
  A smoke demon (Abyss:4)
  4 guardian serpents
  19 spiny frogs
  A demonic crawler (Elf:2)
  4 fire drakes
  10 deep elf priests
  7 giant leeches
  3 trolls
  10 komodo dragons
  2 ancient zymes (Abyss:4)
  3 jumping spiders (Elf:2)
  A queen bee (Lair:5)
  Grinder (D:5)
  9 ravens
  22 slime creatures
  A raiju (Abyss:3)
  9 bog bodies
  28 blink frogs
  4 boulder beetles (Lair:5)
  A wraith (D:10)
  A tarantella (Elf:2)
  4 spriggans
  A water elemental (D:11)
  A trapdoor spider (D:11)
  A fire elemental (Elf:2)
  6 redbacks
  22 deep elf fighters
  A hog (D:7)
  3 shadows
  A basilisk (shapeshifter) (Elf:1)
  15 deep elf magi
  6 basilisks
  A human (D:7)
  22 yaks
  A golden eye (Abyss:4)
  Grum (Lair:1)
  4 steam dragons
  4 wyverns
  11 hippogriffs
  3 hungry ghosts
  A chaos spawn (Abyss:4)
  A wandering mushroom (Lair:6)
  2 neqoxecs
  A spatial vortex (Abyss:4)
  13 wolves
  A soldier ant (D:10)
  8 wargs
  8 hell hounds
  18 swamp worms
  6 insubstantial wisps
  A mottled dragon (Lair:8)
  62 nagas
  26 water moccasins
  21 orc warriors
  12 porcupines
  6 wasps
  2 ice beasts
  12 swamp drakes
  4 spiders (Lair:8)
  A phantom (D:9)
  3 black bears
  7 ogres
  3 sky beasts
  An eye of draining (D:9)
  16 crocodiles
  4 centaurs
  2 elf zombies (Ossuary)
  2 big kobolds
  19 giant frogs
  46 killer bees
  A scorpion (D:5)
  4 wights (D:11)
  3 crimson imps
  9 electric eels
  A centaur zombie (Ossuary)
  2 giant frog zombies (D:8)
  2 hounds
  27 orc priests
  3 quasits
  4 jellies
  17 iguanas
  Jessica (D:3)
  A gnoll shaman (D:10)
  16 hell rats
  59 orc wizards
  10 worker ants
  18 sheep
  2 big kobold zombies (Ossuary)
  A hound zombie (D:5)
  4 hound skeletons
  2 mummies (Ossuary)
  12 gnolls
  18 adders
  6 shadow imps
  49 river rats
  4 oozes
  An adder skeleton (D:10)
  3 adder zombies (Ossuary)
  4 worms
  7 giant geckos
  203 orcs
  4 ball pythons
  13 bats
  A bat skeleton (D:5)
  7 giant cockroaches
  15 goblins
  12 hobgoblins
  28 kobolds
  6 quokkas
  A giant gecko skeleton (D:4)
  2 giant newts
  A goblin zombie (Ossuary)
  8 hobgoblin zombies (Ossuary)
  14 jackals
  A jackal zombie (Ossuary)
  10 kobold zombies (Ossuary)
  7 orc zombies (Ossuary)
  14 rats
  A rat zombie (Ossuary)
  3 spectral orcs (Orc:2)
  6 briar patches (Swamp:4)
  6 fungi
  27 plants
  4 starspawn tentacles (Abyss:4)
1588 creatures vanquished.

Vanquished Creatures (collateral kills)
  A swamp drake (Swamp:2)
1 creature vanquished.

Vanquished Creatures (others)
  A naga sharpshooter (Snake:2)
  2 deep elf fighters (Elf:2)
  A swamp drake (Swamp:3)
  A sheep (Lair:4)
  18 fungi
  4 plants (Lair:8)
  5 starspawn tentacles (Abyss:4)
  58 starspawn tentacle segments (Abyss:4)
90 creatures vanquished.

Grand Total: 1679 creatures vanquished

Notes
Turn   | Place    | Note
--------------------------------------------------------------
     0 | D:1      | Fluffy the Hill Orc Fighter began the quest for the Orb.
     0 | D:1      | Reached XP level 1. HP: 19/19 MP: 1/1
   126 | D:1      | Reached XP level 2. HP: 27/27 MP: 2/2
   175 | D:1      | Reached skill level 4 in Fighting
   589 | D:2      | Reached XP level 3. HP: 28/33 MP: 3/3
   864 | D:2      | Reached XP level 4. HP: 13/40 MP: 4/4
  1492 | D:3      | Reached XP level 5. HP: 26/47 MP: 5/5
  1752 | D:3      | Reached skill level 5 in Fighting
  1919 | D:3      | Noticed Jessica
  1924 | D:3      | Killed Jessica
  1924 | D:3      | Reached skill level 5 in Axes
  2149 | D:3      | Reached XP level 6. HP: 56/56 MP: 6/6
  2233 | D:4      | Gained mutation: You are partially covered in molten scales (AC +1). [potion of beneficial mutation]
  2256 | D:4      | Found a sand-covered staircase.
  2262 | Ossuary  | Entered an ossuary
  2356 | Ossuary  | Reached skill level 5 in Armour
  2521 | Ossuary  | Reached skill level 6 in Axes
  2663 | Ossuary  | Reached XP level 7. HP: 50/63 MP: 7/7
  2855 | D:4      | Found a sparkling altar of Nemelex Xobeh.
  2972 | D:4      | Found a glowing golden altar of the Shining One.
  3123 | D:5      | Entered Level 5 of the Dungeon
  3318 | D:5      | Noticed ololoev's ghost (experienced FoVM)
  3334 | D:5      | Killed ololoev's ghost
  3334 | D:5      | Reached skill level 7 in Fighting
  3334 | D:5      | Reached XP level 8. HP: 18/73 MP: 8/8
  3640 | D:5      | Noticed Grinder
  3644 | D:5      | Paralysed by Grinder for 4 turns
  3660 | D:5      | Paralysed by Grinder for 4 turns
  3664 | D:5      | Killed Grinder
  3664 | D:5      | Reached skill level 8 in Axes
  4707 | D:6      | Got a translucent mace
  4708 | D:6      | Identified the +11 mace "Demonslayer" {pain, *Rage rElec rC+ Int-5} (You found it on level 6 of the Dungeon)
  4857 | D:6      | Reached XP level 9. HP: 82/82 MP: 9/9
  4880 | D:6      | Reached skill level 9 in Axes
  5371 | D:6      | Found a basalt altar of Yredelemnul.
  5371 | D:6      | Found a sacrificial altar of Ru.
  5376 | D:6      | Found a shadowy altar of Dithmenos.
  5376 | D:6      | Found a white marble altar of Elyvilon.
  6422 | D:7      | Reached skill level 10 in Axes
  6432 | D:7      | Reached skill level 10 in Fighting
  6507 | D:7      | Found a shattered altar of Ashenzari.
  6530 | D:7      | Found a shimmering altar of Xom.
  6530 | D:7      | Found a shimmering altar of Xom.
  6531 | D:7      | Found a shimmering altar of Xom.
  6531 | D:7      | Found a shimmering altar of Xom.
  6532 | D:7      | Found a shimmering altar of Xom.
  6533 | D:7      | Found a shimmering altar of Xom.
  6533 | D:7      | Found a shimmering altar of Xom.
  6533 | D:7      | Found a shimmering altar of Xom.
  6664 | D:7      | Found a staircase to the Ecumenical Temple.
  6719 | Temple   | Entered the Ecumenical Temple
  6737 | Temple   | Became a worshipper of Warmaster Okawaru
  6880 | D:8      | Reached skill level 1 in Invocations
  6908 | D:8      | Reached XP level 10. HP: 93/93 MP: 11/11
  7004 | D:8      | Found a bloodstained altar of Trog.
  7055 | D:8      | Acquired Okawaru's first power
  7822 | D:9      | Reached skill level 11 in Axes
  7994 | D:9      | Noticed an elephant
  7995 | D:9      | Noticed a death yak
  8010 | D:9      | Killed an elephant
  8010 | D:9      | Reached skill level 5 in Invocations
  8021 | D:9      | Killed a death yak
  8021 | D:9      | Reached skill level 10 in Armour
  8091 | D:9      | Found a staircase to the Lair.
  8241 | D:9      | Reached XP level 11. HP: 102/102 MP: 0/15
  8572 | D:10     | Entered Level 10 of the Dungeon
  8678 | D:10     | Reached skill level 12 in Axes
  9007 | D:10     | Got a warped flail
  9008 | D:10     | Identified the +10 flail of Hacking and Slashing {flame, rPois rF- rC+ Dex+2} (You found it on level 10 of the Dungeon)
  9228 | D:10     | Found a shadowy altar of Dithmenos.
  9718 | Lair:1   | Entered Level 1 of the Lair of Beasts
  9996 | Lair:1   | Noticed Grum
 10019 | Lair:1   | Killed Grum
 10023 | Lair:1   | Received a gift from Okawaru
 11189 | Lair:2   | Reached skill level 13 in Axes
 11784 | Lair:2   | Reached XP level 12. HP: 106/113 MP: 18/18
 11876 | Lair:2   | Acquired Okawaru's second power
 11903 | Lair:2   | Received a gift from Okawaru
 12739 | Lair:3   | Found a staircase to the Snake Pit.
 12957 | Lair:3   | Reached skill level 10 in Invocations
 13851 | Lair:4   | Reached skill level 14 in Axes
 14252 | Lair:5   | Found a staircase to the Swamp.
 14599 | Lair:5   | Reached XP level 13. HP: 120/122 MP: 19/21
 15172 | Lair:5   | HP: 3/123 [boulder beetle (20)]
 15564 | Lair:6   | Identified a scroll of acquirement
 15613 | Lair:6   | Found a staircase to the Slime Pits.
 15866 | Lair:6   | Received a gift from Okawaru
 15867 | Lair:6   | Got a faintly glowing hat {god gift}
 15878 | Lair:6   | Identified the +0 hat of Eceulibe {rCorr Str+3} (Okawaru gifted it to you on level 6 of the Lair of Beasts)
 16006 | Lair:6   | Reached skill level 15 in Axes
 17240 | Lair:7   | Reached XP level 14. HP: 133/133 MP: 23/23
 17420 | Lair:7   | You fall through a shaft!
 17420 | Lair:8   | Entered Level 8 of the Lair of Beasts
 17703 | Lair:7   | Received a gift from Okawaru
 17888 | Lair:8   | Reached skill level 15 in Fighting
 17917 | Lair:8   | Reached skill level 16 in Axes
 17971 | Lair:8   | Reached skill level 1 in Dodging
 18516 | Lair:8   | Received a gift from Okawaru
 18541 | Lair:8   | Got a shimmering great mace {god gift}
 18542 | Lair:8   | Identified the +8 great mace of Subterfuge {flame, rN++ Str+11 Dex-2} (Okawaru gifted it to you on level 8 of the Lair of Beasts)
 18833 | Lair:8   | Reached XP level 15. HP: 126/143 MP: 24/24
 18947 | Lair:8   | Received a gift from Okawaru
 20061 | D:11     | Noticed Urug
 20078 | D:11     | Killed Urug
 20108 | D:11     | Found a staircase to the Orcish Mines.
 20122 | D:11     | Reached skill level 17 in Axes
 20483 | Orc:1    | Entered Level 1 of the Orcish Mines
 20797 | Orc:2    | Found Ippof's Gadget Shop.
 20843 | Orc:2    | Noticed Nergalle
 20857 | Orc:2    | Killed Nergalle
 21914 | Orc:3    | Found a staircase to the Elven Halls.
 22307 | Orc:4    | Entered Level 4 of the Orcish Mines
 22510 | Orc:4    | Noticed Sonja
 22515 | Orc:4    | Killed Sonja
 22521 | Orc:4    | Found a roughly hewn altar of Beogh.
 22586 | Orc:4    | Received a gift from Okawaru
 22750 | Orc:4    | Noticed Rupert
 22792 | Orc:4    | Killed Rupert
 22792 | Orc:4    | Reached skill level 15 in Armour
 22792 | Orc:4    | Reached skill level 5 in Dodging
 22967 | Orc:4    | Noticed Donald
 22979 | Orc:4    | Gained mutation: You are surrounded by a mild repulsion field (EV +2). [a neqoxec]
 22980 | Orc:4    | Gained mutation: You are dopey. (Int -2) [a neqoxec]
 23001 | Orc:4    | Killed Donald
 23103 | Orc:4    | Found Rashru Xoseuf's Magic Scroll Shop.
 23103 | Orc:4    | Found Mattifa's Jewellery Shoppe.
 23128 | Orc:4    | Found a roughly hewn altar of Beogh.
 23263 | Orc:4    | Found Doetsevvat's Book Shop.
 23263 | Orc:4    | Found Timaneew's Weapon Shoppe.
 23518 | Orc:4    | Bought an uncursed amulet of resist mutation for 440 gold pieces
 23527 | Orc:4    | Bought a scroll of identify for 22 gold pieces
 23527 | Orc:4    | Bought a scroll of identify for 22 gold pieces
 23994 | Swamp:1  | Entered Level 1 of the Swamp
 24015 | Swamp:1  | Noticed HEYYEYAAE's ghost (mighty OpFi)
 24049 | Swamp:1  | Killed HEYYEYAAE's ghost
 24351 | Swamp:1  | Received a gift from Okawaru
 24461 | Swamp:1  | Reached XP level 16. HP: 136/154 MP: 25/25
 24469 | Swamp:1  | Reached skill level 18 in Axes
 25156 | Swamp:2  | Got an ancient scale mail
 25167 | Swamp:2  | Identified the +3 scale mail of Responsibility {rC+ MR+ Dex+5} (You found it on level 2 of the Swamp)
 25211 | Swamp:2  | Noticed a thorn hunter
 25245 | Swamp:2  | Killed a thorn hunter
 25988 | Swamp:3  | Received a gift from Okawaru
 26132 | Swamp:3  | Noticed Aizul
 26159 | Swamp:3  | Killed Aizul
 27079 | Swamp:4  | Entered Level 4 of the Swamp
 27145 | Swamp:4  | Noticed the 27-headed Lernaean hydra
 27285 | Swamp:3  | Killed the 23-headed Lernaean hydra
 27285 | Swamp:3  | Received a gift from Okawaru
 27285 | Swamp:3  | Reached skill level 19 in Axes
 27521 | Swamp:4  | Reached XP level 17. HP: 163/163 MP: 26/26
 27747 | Swamp:4  | Got a decaying rune of Zot
 28480 | Snake:1  | Entered Level 1 of the Snake Pit
 28813 | Snake:1  | Noticed Asterion
 28815 | Snake:1  | Noticed a spectral weapon
 28841 | Snake:1  | Killed Asterion
 29783 | Snake:1  | Received a gift from Okawaru
 30176 | Snake:2  | Found Honintyts's Armour Emporium.
 30270 | Snake:2  | Noticed Vashnia
 30320 | Snake:2  | Killed Vashnia
 30320 | Snake:2  | Received a gift from Okawaru
 30320 | Snake:2  | Reached skill level 5 in Shields
 30321 | Snake:2  | Got a bloodstained battleaxe {god gift}
 30348 | Snake:2  | Identified the +3 battleaxe "Biakh" {antimagic, +Blink rF+ Int+4} (Okawaru gifted it to you on level 2 of the Snake Pit)
 30891 | Snake:2  | Reached skill level 20 in Axes
 31158 | Snake:2  | Reached XP level 18. HP: 150/174 MP: 27/27
 33093 | Snake:4  | Entered Level 4 of the Snake Pit
 33402 | Snake:4  | Received a gift from Okawaru
 33403 | Snake:4  | Got a twisted battleaxe {god gift}
 33409 | Snake:4  | Identified the +4 battleaxe of Floods {venom, *Rage rPois Str+4 Dex+9} (Okawaru gifted it to you on level 4 of the Snake Pit)
 33861 | Snake:4  | Received a gift from Okawaru
 34151 | Snake:4  | Got a serpentine rune of Zot
 34844 | Elf:1    | Entered Level 1 of the Elven Halls
 35008 | Elf:1    | Found a gateway to a bazaar.
 35034 | Bazaar   | Entered a bazaar
 35034 | Bazaar   | Found Veipsaipo's Antique Weapon Shoppe.
 35034 | Bazaar   | Found Tyfosoit's Book Shoppe.
 35034 | Bazaar   | Found Weysaa's General Store.
 35034 | Bazaar   | Found Pauzim's Jewellery Emporium.
 35034 | Bazaar   | Found Heklat's Book Shoppe.
 35052 | Bazaar   | Bought the ring "Tiusehiyx" {+Fly rF+ EV+2} for 313 gold pieces
 35060 | Bazaar   | Bought a potion of heal wounds for 85 gold pieces
 35561 | Elf:1    | Got a spiked ring mail
 35572 | Elf:1    | Identified the +4 ring mail of Liberty {rC+ rN+ Regen+ Slay+3} (You found it on level 1 of the Elven Halls)
 35639 | Elf:2    | Received a gift from Okawaru
 35640 | Elf:2    | Got a distressingly furry ring mail {god gift}
 35643 | Elf:2    | Reached skill level 21 in Axes
 35649 | Elf:2    | Reached XP level 19. HP: 149/184 MP: 28/28
 35683 | Elf:2    | Identified the +2 ring mail of Love and Death {rElec rC+} (Okawaru gifted it to you on level 2 of the Elven Halls)
 36163 | Elf:2    | Found a huge runed gate.
 36163 | Elf:2    | Found a huge runed gate.
 36163 | Elf:2    | Found a huge runed gate.
 36163 | Elf:2    | Found a huge runed gate.
 36166 | Elf:2    | Found a huge runed gate.
 36365 | Elf:2    | Noticed Azrael
 36391 | Elf:2    | Killed Azrael
 36752 | Elf:3    | Entered Level 3 of the Elven Halls
 36752 | Elf:3    | Found Jyzumexu's Armour Emporium.
 36789 | Elf:3    | Found Xyon Ote's General Store.
 36890 | Elf:3    | Found Soxteroi's Jewellery Shop.
 36900 | Elf:3    | Found Saekyina's General Store.
 37026 | Elf:3    | Cast into the Abyss (a deep elf sorcerer)
 37111 | Abyss:3  | Noticed a bone dragon
 37642 | Abyss:4  | Received a gift from Okawaru
 37646 | Abyss:4  | Identified the Papyrus of Attacks (You found it on level 4 of the Abyss)
 37651 | Abyss:4  | Reached skill level 10 in Shields
 37664 | Abyss:4  | Identified the Reference Book on Benedictions (You found it on level 4 of the Abyss)
 37688 | Abyss:4  | Identified the Volume of Conjuration
 37692 | Abyss:4  | Identified the Disquisition on Snow
 37696 | Abyss:4  | Identified the Tome of Attacks
 37751 | Abyss:4  | Identified the Papyrus of Conjuration
 37760 | Abyss:4  | Identified Zoeno's Papyrus of Augmentations
 37764 | Abyss:4  | Identified Sif Muna's Almanac of the Volcanoes
 37798 | Abyss:4  | Noticed a bone dragon
 37844 | Abyss:4  | Slain by a bone dragon

Vault maps used:
D:1:      tarquinn_simple_flora_water_c, serial_glass, glass_columns_a,
          glass_columns_c
D:2:      serial_bayou_lagoon_a
D:3:      uniq_jessica
D:4:      overflow_temple_1_default, nicolae_ossuary_entry_plus, tso_altar
D:5:      first_bread, corner_web_ring, uniq_grinder
D:6:      grunt_temple_overflow_open
D:7:      evilmike_ruin_ashenzari, temple_statues, grunt_livestock,
          xom_shifter_show
D:8:      trog_ov_bears_minmay
D:9:      david_lair_generic
D:10:     nicolae_dithmenos_the_darkroom
D:11:     minivault_4, uniq_urug
Temple:   temple_eino_lava_12
Lair:1:   st_stairs_7, uniq_grum
Lair:2:   serial_bayou, serial_bayou_shore_b, serial_bayou_pond_c,
          serial_bayou_ford_a, serial_bayou_lake_a, serial_bayou_pond_b,
          serial_bayou_crossing, beast_lair_carwin_7
Lair:3:   minmay_snake_entry_guardpost_medium, cheibrodos_lair_reptile_den
Lair:5:   boulder_quad_collide, swamp_mist, special_room, lemuel_fruit_fields
Lair:6:   minmay_slime_entry_oklob_open, wad_woods_03, serial_bayou_shore_a
Lair:7:   infiniplex_staircase_pool, lemuel_fruit_tree
Lair:8:   hangedman_lair_tendril_chambers, guppyfry_lair_end_dragon
Swamp:1:  evilmike_swamp_ruin_house_5, swamp_pool3, st_swamp_mini
Swamp:2:  hangedman_swamp_cone, swamp_pool1
Swamp:3:  serial_swamp_ruin, evilmike_swamp_ruin_wall,
          evilmike_swamp_ruin_rubble_2, swamp_pool1, uniq_aizul
Swamp:4:  swamp_alternative, swamp_pool3
Snake:1:  uniq_asterion
Snake:2:  nicolae_snake_nest, serial_shops, nicolae_shop_window_shopping,
          uniq_vashnia
Snake:3:  grunt_megastairs_2, serial_bayou_shore_b
Snake:4:  minmay_snake_end_coiled
Orc:1:    mines2_lemuel
Orc:2:    serial_shops, shop, uniq_nergalle
Orc:3:    nicolae_orc_pool_cavern
Orc:4:    st_orc_town, david_defended_altar_orc, uniq_sonja, uniq_donald,
          uniq_rupert
Elf:1:    serial_shops, bzr_entry_islet, minmay_elf_crystal_hexagon, spider_trap
Elf:2:    uniq_azrael
Elf:3:    minmay_elf_hall_dome, serial_shops, shop_statue, shop,
          nicolae_shop_competitors_out_of_business, shop,
          nicolae_trove_entry_free_sample
Abyss:1:  hangedman_illusive_loot
Abyss:2:  minivault_24, hangedman_decor_riveting, minivault_19
Abyss:3:  nicolae_abyss_rune_containment_breach
Bazaar:   bazaar_minmay_row
Ossuary:  ossuary_tomb_1

Action                   |  1- 3 |  4- 6 |  7- 9 | 10-12 | 13-15 | 16-18 | 19-21 || total
-------------------------+-------+-------+-------+-------+-------+-------+-------++-------
Melee: War axe           |   125 |   248 |   138 |   771 |   895 |  1715 |   457 ||  4349
       Mace              |       |       |   154 |    15 |       |       |       ||   169
       Morningstar       |       |       |     3 |       |       |       |       ||     3
       Flail             |       |       |       |     8 |     8 |       |       ||    16
       Battleaxe         |       |       |       |   124 |   756 |       |       ||   880
       Great mace        |       |       |       |       |    28 |       |       ||    28
Invok: Heroism           |       |       |       |     5 |    11 |     8 |     3 ||    27
       Finesse           |       |       |       |       |     7 |     8 |     2 ||    17
Evoke: Wand              |       |       |       |       |     5 |     7 |       ||    12
  Use: Scroll            |       |    11 |     6 |     7 |     9 |    12 |     2 ||    47
       Potion            |       |     1 |     2 |       |     3 |     5 |       ||    11
 Stab: Distracted        |       |       |       |       |     1 |     1 |     1 ||     3
       Confused          |       |       |       |       |       |     3 |       ||     3
       Invisible         |       |       |       |       |       |     3 |       ||     3
       Sleeping          |       |       |       |       |       |       |     1 ||     1
  Eat: Chunk             |       |     5 |    17 |    24 |    43 |    37 |     8 ||   134
       Beef jerky        |       |       |     1 |       |     5 |     2 |       ||     8
       Fruit             |       |       |       |     1 |     1 |    20 |       ||    22
       Bread ration      |       |       |       |     1 |       |       |       ||     1
       Pizza             |       |       |       |       |     1 |       |       ||     1
